 Dungeon Sprint DCSS version 0.30-a0-223-gcb0039aa0c (webtiles) character file.

Game seed: 9939349281569670432

903 rocky1 the Thaumaturge (level 8, -3/52 HPs)
             Began as a Djinni Fire Elementalist on Oct 10, 2022.
             Slain by a shadow (10 damage)
             ... in the Dungeon (Sprint III: "The Ten Rune Challenge").
             The game lasted 00:03:18 (1183 turns).

rocky1 the Thaumaturge (Djinni Fire Elementalist)   Turns: 1183, Time: 00:03:18

Health: -3/52      AC:  3    Str:  7    XL:     8   Next: 29%
Gold:   34         EV: 12    Int: 18    God:
                   SH:  0    Dex: 15

rFire   + + .      SeeInvis .    m - +0 long sword (holy)
rCold   x . .      Faith    .    (no shield)
rNeg    . . .      Spirit   .    l - +0 leather armour
rPois   ∞          Reflect  .    (no helmet)
rElec   .          Harm     .    (no cloak)
rCorr   .          Rampage  .    (no gloves)
Will    .....      NoTele   +    (boots unavailable)
Stlth   ++........               (no amulet)
HPRegen 0.28/turn                (no ring)
MPRegen 0.00/turn                (no ring)

@: flying
A: sickness immunity, fire resistance 2, cold vulnerability 1, float, innate
caster, HP casting, extra vitality 1
a: no special abilities


You were in the Dungeon.
You visited 1 branch You collected 34 gold pieces.

Inventory:

Hand Weapons
 m - a +0 long sword of holy wrath (weapon)
Armour
 a - a +0 robe
 l - a +0 leather armour (worn)
Wands
 n - a wand of quicksilver (6)
Scrolls
 f - a scroll of blinking
 g - a scroll of torment {unknown}
 h - 2 scrolls of identify {unknown}
 j - a scroll of poison {unknown}
Potions
 b - a potion of curing
 c - 2 potions of heal wounds
 d - a potion of haste
 e - a potion of berserk rage
 i - 2 potions of flight {unknown}
 k - 5 potions of mutation


   Skills:
 + Level 1.4 Fighting
 + Level 1.3 Long Blades
 + Level 1.4 Armour
 + Level 2.9 Dodging
 + Level 2.2 Stealth
 - Level 13.0 Spellcasting


You had 15 spell levels left.
You knew the following spells:

 Your Spells              Type           Power      Damage    Failure   Level
a - Foxfire               Conj/Fire      100%       2x1d9     1%          1
b - Scorch                Fire           100%       2d10      1%          2
c - Kindle Blastsparks    Fire/Tloc/Air  100%       2d18      1%          3
d - Inner Flame           Hex/Fire       56%        N/A       1%          3
e - Flame Wave            Conj/Fire      56%        2d13      1%          4
f - Sting                 Tmut/Pois      100%       1d8       1%          1
g - Blink                 Tloc           100%       N/A       1%          2
h - Poisonous Vapours     Pois/Air       100%       N/A       1%          2
Your spell library was empty.

Dungeon Overview and Level Annotations

Branches:
Dungeon (1/1)

Altars:
Dithmenos
Elyvilon
Okawaru
Ru
Trog
Uskayaw
Wu Jian
Yredelemnul
Zin
The Shining One


Innate Abilities, Weirdness & Mutations

You are immune to sickness and miasma.
You are immune to poison.
Your flesh is very heat resistant. (rF++)
You are vulnerable to cold. (rC-)
You float through the air rather than walking.
You learn spells naturally, not from books.
Your magical power is your life essence.
You have superior vitality. (+4 MHP)


Message History

Done waiting.
You reach down and open the door.
A jelly comes into view.
A shadow comes into view.
There is an open door here.
Casting: Scorch (safe; 1% risk of failure)
Confirm with . or Enter, or press ? or * to list all spells.
Flames lash the shadow.
The shadow is lightly damaged.
The shadow's fire resistance burns away.
The jelly quivers.
The shadow hits you.
You hit the shadow.
The shadow convulses!
The shadow is heavily damaged.
The shadow barely misses you.
You barely miss the shadow.
The shadow is heavily damaged.
The shadow is no longer more vulnerable to fire.
The shadow hits you. x2
You hit the shadow but do no damage.
The shadow is heavily damaged.
The shadow slips into darkness.
The shadow flickers and vanishes!
Deactivating autopickup; reactivate with Ctrl-A.
The jelly misses you.
You closely miss something. The jelly hits you.
You are splashed with acid!
The shadow strikes at you from the darkness!
Reactivating autopickup.
You hit the shadow but do no damage.
The shadow is heavily damaged.
The jelly hits you but does no damage.
The shadow slips into darkness.
The shadow flickers and vanishes!
Deactivating autopickup; reactivate with Ctrl-A.
The jelly closely misses you.
The shadow strikes at you from the darkness!
* * * LOW HITPOINT WARNING * * *
Reactivating autopickup.
The shadow attacks as you move away! The shadow hits you!
You die...

▓▓▓
##.############
####..#___#___#__#
#..#..#...#__)#)_#
#..#..###'#'###'##
##'#..#..........#
###...'.⌠........#
###...#...######@#
##....#.⌠.# #.WJ#
#.....#...# #...#
......#)### #...#
#.....#)::# #...+
##....#___# +...#
▓▓▓▓▓▓▓▓▓▓ ▓▓▓▓▓


You could see a shadow and a jelly.

Vanquished Creatures
  A deep elf pyromancer (D)
  A necrophage (D)
  A water elemental (D)
  A necromancer (D)
  A wizard (D)
  A kobold demonologist (D)
  3 humans (D)
  A phantom (D)
  An endoplasm (D)
  3 rats (D)
14 creatures vanquished.

Vanquished Creatures (others)
  14 foxfires (D)
14 creatures vanquished.

Grand Total: 28 creatures vanquished

Notes
Turn   | Place    | Note
-------+----------+-------------------------------------------
     0 | D        | rocky1 the Djinni Fire Elementalist began the quest for the
                  | Orb.
     0 | D        | rocky1 set off with the following spells memorised:
                  | Foxfire, Scorch, Kindle Blastsparks, Inner Flame, Flame
                  | Wave.
     0 | D        | Reached XP level 1. HP: 15/15 MP: 0/0
    22 | D        | Reached skill level 3 in Spellcasting
    64 | D        | Reached XP level 2. HP: 19/21 MP: 0/0
    71 | D        | Reached skill level 5 in Spellcasting
    71 | D        | Reached XP level 3. HP: 8/25 MP: 0/0
    71 | D        | Learned a level 1 spell: Sting
   269 | D        | Noticed a water elemental
   276 | D        | Killed a water elemental
   277 | D        | Reached skill level 6 in Spellcasting
   277 | D        | Reached XP level 4. HP: 16/31 MP: 0/0
   507 | D        | Found a hide-covered altar of Uskayaw.
   507 | D        | Found an iron altar of Okawaru.
   507 | D        | Found a bloodstained altar of Trog.
   507 | D        | Found an ornate altar of the Wu Jian Council.
   507 | D        | Noticed a human
   507 | D        | Noticed a human
   512 | D        | Killed a human
   513 | D        | Reached skill level 9 in Spellcasting
   513 | D        | Reached XP level 5. HP: 25/35 MP: 0/0
   513 | D        | Learned a level 2 spell: Blink
   513 | D        | Reached XP level 6. HP: 28/40 MP: 0/0
   514 | D        | Killed a human
   515 | D        | Reached skill level 10 in Spellcasting
   765 | D        | Found a glowing silver altar of Zin.
   765 | D        | Found a glowing golden altar of the Shining One.
   765 | D        | Found a white marble altar of Elyvilon.
   765 | D        | Noticed a deep elf pyromancer
   769 | D        | Noticed a fire elemental
   771 | D        | Killed a deep elf pyromancer
   772 | D        | Reached skill level 13 in Spellcasting
   772 | D        | Reached XP level 7. HP: 25/45 MP: 0/0
   772 | D        | Learned a level 2 spell: Poisonous Vapours
   772 | D        | Reached XP level 8. HP: 28/50 MP: 0/0
   900 | D        | Found a basalt altar of Yredelemnul.
   900 | D        | Found a shadowy altar of Dithmenos.
   900 | D        | Found a sacrificial altar of Ru.
   904 | D        | Reached skill level 1 in Fighting
   904 | D        | Reached skill level 1 in Armour
   906 | D        | Reached skill level 1 in Long Blades
  1176 | D        | Noticed a shadow
  1183 | D        | Slain by a shadow

Illustrated notes

Levels and vault maps discovered:
D:        dungeon_sprint_mu [sprint_mu_entry_cave, sprint_mu_temple_rooms,
          sprint_mu_d1_horrors, sprint_mu_d2_genie, sprint_mu_d3_branching,
          sprint_mu_orc_legion, sprint_mu_elf_gauntlet, sprint_mu_hive_nellie,
          sprint_mu_lair_fedhas, sprint_mu_vaults_butterflies,
          sprint_mu_slime_circle, sprint_mu_swamp_cave, sprint_mu_snake_twists,
          sprint_mu_blade_basic, sprint_mu_crypt_fortress,
          sprint_mu_tomb_spiral, sprint_mu_vestibule_basic,
          sprint_mu_gehenna_hellfire, sprint_mu_dis_giant,
          sprint_mu_tartarus_statrot, sprint_mu_cocytus_islands, sprint_mu_zot1]

Skill      XL: |  1  2  3  4  5  6  7  8 |
---------------+-------------------------+-----
Spellcasting   | 3 5 6 9 13 | 13.0
Fighting       | 1 |  1.4
Armour         | 1 |  1.4
Stealth        | 2 |  2.2
Long Blades    | 1 |  1.3
Dodging        | |  2.9

Action                   |  1- 3 |  4- 6 |  7- 9 || total
-------------------------+-------+-------+-------++-------
Melee: Unarmed           |    11 |       |       ||    11
       Long sword        |       |       |     5 ||     5
 Cast: Foxfire           |     7 |       |       ||     7
       Scorch            |     6 |    12 |    10 ||    28
Armor: Robe              |     4 |     1 |       ||     5
       Leather armour    |       |       |     2 ||     2
Dodge: Dodged            |    10 |     5 |     4 ||    19

Table legend: (Time is in decaauts)
 A = Elapsed time spent in this place.
 B = Non-inter-level travel time spent in this place.
 C = Inter-level travel time spent in this place.
 D = Time resting spent in this place.
 E = Time spent auto-exploring this place.
 F = Levels seen in this place.
 G = Mean time per level.
                   A        B        C        D        E       F      G
               +--------+--------+--------+--------+--------+-----+--------+
         Total |   1184 |   1184 |      0 |    959 |      0 |   1 | 1184.0 |
       Dungeon |   1184 |   1184 |      0 |    959 |      0 |   1 | 1184.0 |
               +--------+--------+--------+--------+--------+-----+--------+

Top non-repeatable levels by time:
       D: 1184 daAuts
